 Dungeon Crawl Stone Soup version 0.31-a0-963-ga325b2283a (webtiles) character file.

Game seed: 15761952449904054742

11 Arcadio the Chiller (level 2, 0/20 HPs)
             Began as a Ghoul Ice Elementalist on Oct 24, 2023.
             Slain by a quokka (3 damage)
             ... on level 1 of the Dungeon.
             The game lasted 00:03:33 (210 turns).

Arcadio the Chiller (Ghoul Ice Elementalist)         Turns: 210, Time: 00:03:33

Health: 0/20       AC:  2    Str: 11    XL:     2   Next: 29%
Magic:  0/4        EV: 12    Int: 10    God:
Gold:   0          SH:  0    Dex:  9    Spells: 4/5 levels left

rFire   . . .        (no weapon)
rCold   + . .        (no shield)
rNeg    + + +        a - +0 robe
rPois   ∞            (no helmet)
rElec   .            (no cloak)
rCorr   .            (no gloves)
SInv    .            (no boots)
Will    .....        (no amulet)
Stlth   ++           (no ring)
HPRegen 0.00/turn    (no ring)
MPRegen 0.09/turn

%: no passive effects
@: very slightly contaminated, inhibited regen
A: claws 1, cold resistance 1, negative energy resistance 3, inhibited
regeneration, torment resistance 2, devour on kill
a: no special abilities


You were on level 1 of the Dungeon.
You visited 1 branch of the dungeon, and saw 1 of its levels.

Inventory:

Armour
 a - a +0 robe (worn)
Potions
 b - a potion of magic
 c - a potion of haste {unknown}


   Skills:
 + Level 2.1 Dodging
 - Level 2.1 Stealth
 + Level 2.0 Spellcasting
 + Level 4.6 Ice Magic


You had 4 spell levels left.
You knew the following spells:

 Your Spells              Type           Power      Damage    Failure   Level
a - Freeze                Ice            40%        1d6       4%          1

Your spell library contained the following spells:

 Spells                   Type           Power      Damage    Failure   Level
 Frozen Ramparts          Ice            20%        1d4       14%         3
 Ozocubu's Armour         Ice            10%        N/A       14%         3
 Summon Ice Beast         Ice/Summ       5%         N/A       77%         4


Dungeon Overview and Level Annotations

Branches:
Dungeon (1/15) Zot: 5789

Altars:


Innate Abilities, Weirdness & Mutations

You are immune to poison.
You have sharp fingernails.
Your flesh is cold resistant. (rC+)
You are immune to negative energy. (rN+++)
You do not regenerate when monsters are visible.
You are immune to unholy pain and torment.
You thrive by killing the living.


Message History

You freeze the kobold.
The kobold is heavily wounded.
The quokka twitches its whiskers.
The kobold closely misses you.
Casting: Freeze (safe; 4% risk of failure)
Confirm with . or Enter, or press ? or * to list all spells.
Aiming: Freeze (safe; 4% risk of failure)
Press: ? - help, Shift-Dir - straight line, f/p - kobold
Aim: a kobold, wielding a +0 dagger (heavily wounded)
You freeze the kobold.
You kill the kobold!
The quokka closely misses you.
There is an open door here.
The quokka bites you.
* * * LOW HITPOINT WARNING * * *
You see here a quokka corpse.
Casting: Freeze (safe; 4% risk of failure)
Confirm with . or Enter, or press ? or * to list all spells.
Aiming: Freeze (safe; 4% risk of failure)
Press: ? - help, Shift-Dir - straight line, f - quokka
Aim: a quokka You freeze the quokka.
The quokka is moderately wounded.
The quokka closely misses you. The quokka attacks as it pursues you!
The quokka closely misses you.
The quokka bites you but does no damage.
There is an open door here.
The quokka attacks as it pursues you! The quokka closely misses you.
The quokka attacks as it pursues you! The quokka barely misses you.
The quokka closely misses you.
Casting: Freeze (safe; 4% risk of failure)
Confirm with . or Enter, or press ? or * to list all spells.
Aiming: Freeze (safe; 4% risk of failure)
Press: ? - help, Shift-Dir - straight line, f/p - quokka
Aim: a quokka (lightly wounded)
You miscast Freeze.
You are very lightly contaminated with residual magic.
Nothing appears to happen.
The quokka closely misses you. The quokka attacks as it pursues you!
The quokka bites you.
You die...

########## .rg.g....#
########.######### # ...
#......g...#.# ...
#K########.#.###.# #.# .
#.##......@......# #.##.
#'##.#####r###...###.#..
####.####.. #.# #....##.#.#
##..#.#..##. #g# #...##.#.#
###.#.#.#.#.#. #g# #...##.#.#
..#..#...#..#.##.####...##.#?###r
#####.....####..........K.....)..
.+.....<...†gg.†......#.##r..####
.####.....######†###..#.######


You could see a quokka, a hobgoblin and a goblin.

Vanquished Creatures
  2 ball pythons (D:1)
  3 endoplasms (D:1)
  A giant cockroach (D:1)
  A quokka (D:1)
  A bat (D:1)
  2 kobolds (D:1)
10 creatures vanquished.

Notes
Turn   | Place    | Note
-------+----------+-------------------------------------------
     0 | D:1      | Arcadio the Ghoul Ice Elementalist began the quest for the
                  | Orb.
     0 | D:1      | Reached XP level 1. HP: 14/14 MP: 2/2
   129 | D:1      | Reached XP level 2. HP: 20/20 MP: 0/4
   210 | D:1      | Slain by a quokka

Illustrated notes

Levels and vault maps discovered:
D:1:      nzn_arrival_crosshair, layout_loops_ring, minmay_crystal_room

Skill      XL: |  1 |
---------------+----+-----
Dodging        | 2 |  2.1
Spellcasting   | 2 |  2.0
Stealth        | |  2.1
Ice Magic      | |  4.6

Action                     || total
---------------------------++-------
  Melee: Unarmed           ||    14
   Cast: Freeze            ||    15
 Armour: Robe              ||    17
  Dodge: Dodged            ||    30

Table legend: (Time is in decaauts)
 A = Elapsed time spent in this place.
 B = Non-inter-level travel time spent in this place.
 C = Inter-level travel time spent in this place.
 D = Time resting spent in this place.
 E = Time spent auto-exploring this place.
 F = Levels seen in this place.
 G = Mean time per level.
                   A        B        C        D        E       F      G
               +--------+--------+--------+--------+--------+-----+--------+
         Total |    210 |    210 |      0 |      0 |     71 |   1 |  210.0 |
       Dungeon |    210 |    210 |      0 |      0 |     71 |   1 |  210.0 |
               +--------+--------+--------+--------+--------+-----+--------+

Top non-repeatable levels by time:
     D:1: 210 daAuts
